 Dungeon Crawl Stone Soup version 0.30-a0-840-ga523dec638 (webtiles) character file.

Game seed: 14091036892593269435

11347465 jasper the Conqueror (level 27, 179/179 HPs)
             Began as a Gargoyle Fighter on Mar 1, 2023.
             Was a High Priest of the Shining One.
             Escaped with the Orb
             ... and 11 runes on Mar 2, 2023!
             The game lasted 03:00:42 (74877 turns).

jasper the Conqueror (Gargoyle Fighter)            Turns: 74877, Time: 03:00:43

Health: 179/179    AC: 65    Str: 29 (31) XL:     27
Magic:  32/32      EV: 19    Int:  8 (12) God:    the Shining One [*****.]
Gold:   148        SH: 32    Dex: 14      Spells: 19/26 levels left

rFire   + + +      SeeInvis +    g - +9 broad axe (holy)
rCold   + + +      Faith    .    j - +8 tower shield {rC+}
rNeg    + + +      Spirit   +    i - +14 gold dragon scales of Maidwafipn {rPois rF+ rC+ Will+ Int+3}
rPois   ∞          Reflect  .    T - +2 hat of Responsibility {Contam Str+2 Int+3 SInv}
rElec   +          Harm     .    x - +1 cloak of the Sandy God {rC+ Will- Regen+}
rCorr   +          Rampage  .    A - +1 pair of gloves of Glamorous Curiosity {rElec rPois rC- Regen+}
Will    +++..      Rage     9%   k - +2 pair of slick slippers {slick, slippery, EV+5} Stlth
                                 F - amulet "Nuinewak" {Spirit *Slow Fragile rF+++ rC++}
HPRegen 2.09/turn                W - ring of resist corrosion
MPRegen 0.23/turn                p - ring of Reimbursement {rN+ Will+ Dex+5}

@: flying, glowing, studying 3 skills
A: sickness immunity, AC +20, big wings, negative energy resistance 1,
electricity resistance, torment resistance 1, petrification resistance, see
invisible, berserk 2, cold resistance 1, deformed body, deterioration 2, dopey
2, frail 1, low MP 2, weak 2, inability to drink after injury 1, inability to
read after injury 2
0: Orb of Zot
}: 11/15 runes: serpentine, barnacled, slimy, silver, golden, abyssal, demonic,
glowing, magical, fiery, dark
a: Renounce Religion, Divine Shield, Cleansing Flame, Summon Divine Warrior


You escaped.
You worshipped the Shining One.
The Shining One was extremely pleased with you.
You visited 15 branches of the dungeon, and saw 66 of its levels.
You visited Pandemonium 1 time, and saw 18 of its levels.
You visited the Abyss 1 time.
You visited 1 bazaar.
You also visited: Ice Cave.

You collected 11881 gold pieces.
You spent 2219 gold pieces at shops.
You donated 9514 gold pieces to Zin.

Inventory:

Hand Weapons
 a - the +9 broad axe of Responsibility {freeze, rElec rN+ Str+2}
   (Okawaru gifted it to you on level 4 of the Snake Pit)

   Str:       It affects your strength (+2).
   rElec:     It insulates you from electricity.
   rN:        It protects you from negative energy.
 g - a +9 broad axe of holy wrath (weapon)
 q - a +4 antimagic broad axe
Missiles
 b - a boomerang of dispersal
 B - 25 javelins (quivered)
 J - 13 curare-tipped darts
 L - 20 silver javelins
 S - 9 throwing nets
 X - 4 silver boomerangs
Armour
 i - the +14 gold dragon scales of Maidwafipn (worn) {rPois rF+ rC+ Will+ Int+3}
   (Okawaru gifted it to you on level 4 of the Lair of Beasts)

   Int:       It affects your intelligence (+3).
   rF:        It protects you from fire.
   rC:        It protects you from cold.
   rPois:     It protects you from poison.
   Will:      It increases your willpower.
 j - a +8 tower shield of cold resistance (worn)
 k - the +2 pair of slick slippers (worn) {slick, slippery, EV+5}
   (You found it on level 4 of the Realm of Zot)

   Slick:     Its wearer cannot be constricted, engulfed, netted or webbed.
   Slippery:  It slips away from damaging melee attacks, pulling the attacker
   onward.
   EV:        It affects your evasion (+5).
 x - the +1 cloak of the Sandy God (worn) {rC+ Will- Regen+}
   (You acquired it on level 1 of the Depths)

   rC:        It protects you from cold.
   Regen:     It increases your rate of health regeneration.
   Will:      It decreases your willpower.
 A - the +1 pair of gloves of Glamorous Curiosity (worn) {rElec rPois rC- Regen+}
   (You found it on level 5 of the Lair of Beasts)

   rC:        It makes you vulnerable to cold.
   rElec:     It insulates you from electricity.
   rPois:     It protects you from poison.
   Regen:     It increases your rate of health regeneration.
 T - the +2 hat of Responsibility (worn) {Contam Str+2 Int+3 SInv}
   (Okawaru gifted it to you on level 1 of the Snake Pit)

   Str:       It affects your strength (+2).
   Int:       It affects your intelligence (+3).
   SInv:      It lets you see invisible.
   Contam:    It causes magical contamination when unequipped.
Jewellery
 p - the ring of Reimbursement (right hand) {rN+ Will+ Dex+5}
   (You found it on level 2 of the Depths)

   [ring of willpower]

   Dex:       It affects your dexterity (+5).
   rN:        It protects you from negative energy.
   Will:      It increases your willpower.
 F - the amulet "Nuinewak" (around neck) {Spirit *Slow Fragile rF+++ rC++}
   (You took it off a deep elf blademaster on level 3 of the Elven Halls)

   [amulet of guardian spirit]

   It causes incoming damage to be divided between your reserves of health and
   magic.
   rF:        It renders you almost immune to fire.
   rC:        It greatly protects you from cold.
   *Slow:     It may slow you when you take damage.
   Fragile:   It will be destroyed if unequipped.
 O - the amulet "Xijyrut" {rF+ Regen+ Str+2 Int+3 Slay+2}
   (You found it on level 3 of the Elven Halls)

   [amulet of regeneration]

   Str:       It affects your strength (+2).
   Int:       It affects your intelligence (+3).
   Slay:      It affects your accuracy & damage with ranged weapons and melee
   (+2).
   rF:        It protects you from fire.
   Regen:     It increases your rate of health regeneration.
 W - a ring of resist corrosion (left hand)
Wands
 f - a wand of roots (24)
 h - a wand of digging (17)
 E - a wand of flame (109)
 G - a wand of light (31)
Scrolls
 c - 9 scrolls of fog
 r - 19 scrolls of teleportation
 s - 14 scrolls of immolation
 v - 3 scrolls of vulnerability
 y - 5 scrolls of noise
 D - 2 scrolls of blinking
 I - 7 scrolls of torment
 M - a scroll of brand weapon
 P - 5 scrolls of silence
 Q - 17 scrolls of poison
 U - 2 scrolls of enchant armour
 V - 8 scrolls of butterflies
 Y - 7 scrolls of fear
Potions
 d - 25 potions of curing
 e - 4 potions of lignification
 l - 4 potions of heal wounds
 o - 7 potions of resistance
 t - 10 potions of might
 u - 3 potions of ambrosia
 z - 2 potions of cancellation
 K - a potion of magic
 N - 11 potions of haste
 R - 9 potions of invisibility
 Z - 7 potions of brilliance
Miscellaneous
 m - a figurine of a ziggurat
 n - a tin of tremorstones (2/2)
 H - a condenser vane


   Skills:
 O Level 27 Fighting
 + Level 21.0 Axes
 - Level 10.0 Throwing
 O Level 27 Armour
 + Level 17.3 Dodging
 + Level 26.5 Shields
 - Level 10.6 Translocations
 O Level 27 Invocations


You had 19 spell levels left.
You knew the following spells:

 Your Spells              Type           Power      Damage    Failure   Level
a - Blink                 Tloc           34%        N/A       4%          2
b - Manifold Assault      Tloc           17%        N/A       30%         4
c - Apportation           Tloc           34%        N/A       3%          1

Your spell library contained the following spells:

 Spells                   Type           Power      Damage    Failure   Level
 Passage of Golubria      Tloc           17%        N/A       30%         4
 Momentum Strike          Conj/Tloc      16%        3d8       38%         2
 Kindle Blastsparks       Fire/Tloc/Air  10%        2d10      87%         3
 Beastly Appendage        Tmut           0%         N/A       94%         1
 Foxfire                  Conj/Fire      0%         2x1d4     94%         1
 Kiss of Death            Conj/Necr      0%         2d5       94%         1
 Magic Dart               Conj           0%         1d3       94%         1
 Necrotise                Necr           0%         1d4       94%         1
 Sandblast                Erth           0%         2d4       94%         1
 Iskenderun's Mystic Bla  Conj/Tloc      8%         2d4       95%         4
 Call Imp                 Summ           0%         N/A       98%         2
 Passwall                 Tmut/Erth      0%         N/A       98%         2
 Poisonous Vapours        Pois/Air       0%         N/A       98%         2
 Scorch                   Fire           0%         2d5       98%         2
 Wereblood                Tmut           0%         N/A       98%         2
 Confusing Touch          Hex            0%         N/A       100%        3
 Inner Flame              Hex/Fire       0%         N/A       100%        3
 Mephitic Cloud           Conj/Pois/Air  0%         N/A       100%        3
 Spider Form              Tmut/Pois      0%         N/A       100%        3
 Stone Arrow              Conj/Erth      0%         3d7       100%        3
 Vampiric Draining        Necr           0%         2d6       100%        3
 Airstrike                Air            0%         2d(0-16)  100%        4
 Animate Dead             Necr           0%         N/A       100%        4
 Dispel Undead            Necr           0%         3d6       100%        4
 Flame Wave               Conj/Fire      0%         2d4       100%        4
 Fulminant Prism          Conj/Hex       0%         3d5       100%        4
 Petrify                  Tmut/Erth      0%         N/A       100%        4
 Sticky Flame             Conj/Fire      0%         2d3       100%        4
 Summon Lightning Spire   Summ/Air       0%         N/A       100%        4
 Agony                    Necr           0%         N/A       100%        5
 Alistair's Intoxication  Tmut/Pois      0%         N/A       100%        5
 Blade Hands              Tmut           0%         N/A       100%        5
 Borgnjor's Vile Clutch   Necr/Erth      0%         N/A       100%        5
 Fireball                 Conj/Fire      0%         3d3       100%        5
 Freezing Cloud           Conj/Ice/Air   0%         6-21      100%        5
 Irradiate                Conj/Tmut      0%         3d11      100%        5
 Iskenderun's Battlesphe  Conj           0%         2d6       100%        5
 Lee's Rapid Deconstruct  Erth           0%         3d4*      100%        5
 Lightning Bolt           Conj/Air       0%         1d11      100%        5
 Silence                  Hex/Air        0%         N/A       100%        5
 Conjure Ball Lightning   Conj/Air       0%         3x3d6     100%        6
 Death Channel            Necr           0%         N/A       100%        6
 Eringya's Noxious Bog    Tmut/Pois      0%         N/A       100%        6
 Iron Shot                Conj/Erth      0%         9d1       100%        6
 Starburst                Conj/Fire      0%         6d3       100%        6
 Summon Cactus Giant      Summ           0%         N/A       100%        6
 Dragon Form              Tmut           0%         N/A       100%        7
 Spellforged Servitor     Conj/Summ      0%         N/A       100%        7
 Storm Form               Tmut/Air       0%         N/A       100%        7
 Lehudib's Crystal Spear  Conj/Erth      0%         10d2      100%        8
 Chain Lightning          Conj/Air       0%         N/A       100%        9
 Fire Storm               Conj/Fire      0%         5d1       100%        9
 Shatter                  Erth           0%         3d5*      100%        9
 Sublimation of Blood     Necr           Unusable   N/A       N/A         2

Dungeon Overview and Level Annotations

Branches:
Dungeon (15/15)            Temple (1/1) D:6            Lair (5/5) D:9
 Shoals (4/4) Lair:2        Snake (4/4) Lair:2        Slime (5/5) Lair:4
    Orc (2/2) D:10            Elf (3/3) Orc:2        Vaults (5/5) D:13
  Crypt (3/3) Vaults:2       Tomb (3/3) Crypt:3      Depths (4/4) D:15
   Hell (visited)             Dis (6/7) Hell            Zot (5/5) Depths:4
  IceCv (visited)
    Geh: Hell:1         Coc: Hell:1         Tar: Hell:1

Altars:
Ashenzari
Cheibriados
Dithmenos
Elyvilon
Fedhas
Gozag
Hepliaklqana
Kikubaaqudgha
Makhleb
Nemelex Xobeh
Okawaru
Qazlal
Ru
Sif Muna
Trog
Uskayaw
Vehumet
Wu Jian
Xom
Yredelemnul
Zin
The Shining One
Jiyva

Shops:
D:3 =   D:6 (   D:9 *   Orc:1 *   Orc:2 (=*((   Elf:1 *   Elf:3 =   Snake:1 =[
Snake:3 *   Vaults:4 [   Depths:4 :

Portals:
Hell: Depths:1 Depths:2 Depths:3 Depths:4
Abyss: Depths:3 Depths:4
Pandemonium: Depths:2 Depths:4
Ziggurat: Depths:4

Annotations:
D:5 1 runed translucent door, Edmund; Rocko1345's ghost, novice DsWn
Elf:2 3 runed translucent doors
Elf:3 4 exclusions
Crypt:1 2 transporters, exclusion: orange crystal statue
Crypt:3 exclusion: 3 doors
Depths:4 5 runed translucent doors


Innate Abilities, Weirdness & Mutations

You are immune to sickness and miasma.
Your stone body is resilient. (AC +20)
You are immune to poison.
Your large and strong wings let you fly.
You resist negative energy. (rN+)
You are resistant to electric shocks. (rElec)
You are resistant to unholy torment.
You are immune to petrification.
You have supernaturally acute eyesight. (SInv)
You have an uncontrollable temper.
Your flesh is cold resistant. (rC+)
Armour fits poorly on your strangely shaped body.
Your body often deteriorates upon taking damage.
You are very dopey. (Int -4)
You are frail. (-10% HP)
Your magical capacity is very low. (-20% MP)
You are very weak. (Str -4)
You occasionally lose the ability to drink potions when taking damage.
You sometimes lose the ability to read scrolls when taking damage.


Message History

A chaos spawn is nearby!
You fly upwards.
There is a stone staircase leading down here.
(D) Dungeon (T) Temple (L) Lair (A) Shoals (P) Snake Pit (M) Slime Pits (O) Orcish Mines (E) Elven Halls (V) Vaults (C) Crypt (W) Tomb (U) Depths (H) Hell (I) Dis (Z) Zot
Where to? (Enter - D:1, ? - help)
There is a stone staircase leading up here.
You fly upwards.
There is a stone staircase leading down here.
There is a stone staircase leading up here.
You fly upwards.
There is a stone staircase leading down here.
You feel yourself speed up.
There is a stone staircase leading up, spattered with blood here.
You fly upwards.
Level annotation: 1 runed translucent door, Edmund; Rocko1345's ghost, novice DsWn You recover from your berserk rage.
You block Edmund's attack.
There is a stone staircase leading down here.
Press: ? - help, v - describe, . - travel
Here: Edmund, wielding a +1 heavy flail and wearing a +0 ring mail (haloed)
The floor.
Edmund attacks as you move away! Edmund completely misses you.
There is a stone staircase leading up here.
You fly upwards.
There is a stone staircase leading down here.
(D) Dungeon (T) Temple (L) Lair (A) Shoals (P) Snake Pit (M) Slime Pits (O) Orcish Mines (E) Elven Halls (V) Vaults (C) Crypt (W) Tomb (U) Depths (H) Hell (I) Dis (Z) Zot
Where to? (Enter - D:1, ? - help)
There is a stone staircase leading up here.
You fly upwards.
There is a stone staircase leading down here.
There is a stone staircase leading up here.
You fly upwards.
There is a stone staircase leading down here.
There is a stone staircase leading up here.
You fly upwards.
There is a stone staircase leading down here.
A rust devil comes into view.
The rust devil screeches!
There is a staircase leading out of the dungeon here.
You have escaped!

...##.........#...#.......#####.#
......#..#######.#######..# #.#
#####.#..#~~#.......#~~#..#####.#
#####.#..#~#.........#~#........#
.........##...........##...######
#####.#..#......4......#...#
.....#..##.............##..##
#####..#.#.............#.#..##
#..#.........@.........#..#
##..#.#.............#.#..#####
#...##.............##.......#
#....#.............#....###.#
##...##...........##........#
#...#~#.........#~#...####.#
#...#~~#.......#~~#...####.#
######...#######.#######.....##.#
..............#...#.......##.##.#


You could see a rust devil.

Vanquished Creatures
  the Royal Jelly (Slime:5)
  7 pandemonium lords (Pan)
  3 dread liches
  Khufu (Crypt:1)
  Mennas (Pan)
  3 ancient liches
  4 orbs of fire (Zot:5)
  A juggernaut (Depths:2)
  The ghost of Dawneret the Timeless, a master GnFi of Cheibriados (Zot:4)
  Sojobo (Vaults:5)
  Vv (Depths:2)
  27 royal mummies
  Margery (Vaults:5)
  Boris (Tomb:1)
  7 Killer Klowns (Zot:5)
  Saint Roka (Depths:1)
  Vashnia (Snake:4)
  Xtahua (Vaults:5)
  5 curse toes
  25 caustic shrikes
  Geryon (Hell)
  9 golden dragons
  A profane servitor (Crypt:1)
  the Enchantress (D:15)
  6 bone dragons
  3 electric golems
  5 Tzitzimimeh (Pan)
  Jorgrun (Elf:1)
  4 Brimstone Fiends
  17 tentacled monstrosities
  3 Ice Fiends (Pan)
  13 liches
  2 iron giants
  27 Orb Guardians
  11 Hell Sentinels
  A walking crystal tome (Depths:2)
  A walking earthen tome (Depths:4)
  A shard shrike skeleton (Crypt:3)
  16 titans
  2 krakens
  Asterion (Snake:4)
  7 deep elf blademasters
  3 deep elf master archers
  18 Executioners
  8 tentacled starspawn
  9 acid blobs
  Murray (Hell)
  5 quicksilver dragons
  13 ancient champions
  11 sphinxes
  The ghost of HilariousDeathArtist the Warrior, an adept GrBr of Trog (Shoals:3)
  13 death cobs
  11 tengu reavers
  15 storm dragons
  Agnes (Elf:1)
  5 rockslimes
  4 draconian monks
  12 azure jellies
  Ilsuiw (Shoals:3)
  4 revenants
  14 shadow dragons
  9 nagarajas
  5 quicksilver elementals
  21 fire giants
  10 draconian knights
  17 frost giants
  4 demonspawn warmongers (Pan)
  5 ghost moths
  11 vault wardens
  10 balrugs
  A caustic shrike zombie (Tomb:3)
  3 spectral caustic shrikes (Depths:2)
  2 iron dragons
  Aizul (Snake:3)
  8 deep elf sorcerers
  9 draconian shifters
  7 curse skulls
  3 spriggan defenders (D:15)
  6 draconian scorchers
  4 ghouls
  9 deep elf elementalists
  13 cacodemons (Pan)
  8 draconian annihilators
  15 ironbound preservers
  5 demonspawn blood saints (Pan)
  5 draconian stormcallers
  6 war gargoyles
  7 reapers
  A demonspawn corrupter (Pan)
  An ophan (Abyss:4)
  6 quicksilver oozes (Slime:5)
  25 stone giants
  21 very ugly things
  17 green draconians
  9 vampire knights
  10 black draconians
  A starflower (Abyss:4)
  9 ironbound thunderhulks
  5 deep elf demonologists
  9 lorocyprocas (Pan)
  6 demonspawn black suns (Pan)
  6 bennus
  Nessos (D:12)
  16 dire elephants
  15 yellow draconians
  8 deep elf annihilators
  20 red draconians
  6 spark wasps (Depths:4)
  22 white draconians
  Snorg (Lair:5)
  17 purple draconians
  16 merfolk impalers
  10 blizzard demons (Pan)
  2 pearl dragon zombies (Crypt:1)
  A crystal guardian (Vaults:2)
  2 deep elf death magi
  5 merfolk javelineers
  18 mummy priests
  15 ettins
  5 eidola
  9 iron golems
  12 green deaths
  A quicksilver dragon zombie (Crypt:1)
  13 jiangshi
  An entropy weaver (Vaults:2)
  7 fire dragons
  19 yaktaur captains
  10 great orbs of eyes
  4 deep elf high priests
  A spriggan zombie (Crypt:2)
  7 ice dragons
  4 hydras
  2 spriggan air magi (Depths:1)
  32 vault guards
  Erolcha (Orc:2)
  7 salamander tyrants
  A hell beast (Pan)
  A peacekeeper (Vaults:2)
  3 ogre magi
  4 merfolk aquamancers
  2 merfolk avatars
  A spriggan skeleton (Pan)
  8 rakshasas
  A catoblepas (Lair:5)
  8 boulder beetles
  8 ironbound frosthearts
  2 alligator snapping turtles
  11 centaur warriors
  11 two-headed ogres
  10 anacondas
  7 tengu warriors
  3 hell hogs (Crypt:1)
  8 death knights
  12 death scarabs (Tomb:1)
  6 deep troll shamans
  16 death yaks
  A satyr (Shoals:3)
  12 naga warriors
  11 dancing weapons
  7 deep troll earth magi
  Urug (D:10)
  3 vampire magi
  A titan zombie (Crypt:1)
  23 naga sharpshooters
  32 soul eaters
  11 thrashing horrors
  10 shock serpents
  3 spriggan berserkers
  4 orc high priests
  8 hell knights
  Sonja (D:10)
  29 deep elf knights
  9 wretched stars
  5 crystal echidnas
  28 sun demons
  6 shadow wraiths
  26 skeletal warriors
  A spatial maelstrom (Abyss:3)
  2 skysharks
  10 iron trolls
  20 sixfirhies
  9 sea snakes
  6 flayed ghosts
  27 large abominations
  5 shadow demons
  6 glowing orange brains
  A ghost moth zombie (Crypt:3)
  4 salamander mystics
  2 bog bodies (Crypt:2)
  3 orange crystal statues (Zot:5)
  31 deep elf archers
  A lindwurm (Vaults:4)
  An obsidian statue (Zot:5)
  8 naga ritualists
  45 deep elf pyromancers
  64 deep trolls
  19 ironbound convokers
  18 harpies
  8 necromancers
  17 phantasmal warriors
  5 wizards
  2 shadow dragon zombies
  An oklob plant (Lair:2)
  46 deep elf zephyrmancers
  9 orc knights
  15 ugly things
  An anaconda skeleton (Tomb:3)
  8 mana vipers
  A shadow dragon skeleton (Tomb:1)
  13 manticores
  2 orc sorcerers
  7 shining eyes
  2 will-o-the-wisps
  12 fauns
  An elephant (shapeshifter) (Vaults:4)
  2 worldbinders
  6 cyclopes
  21 salamanders
  37 moths of wrath
  10 merfolk sirens
  10 guardian serpents
  64 black mambas
  A water nymph (shapeshifter) (Depths:1)
  10 vault sentinels
  A frost giant skeleton (Crypt:1)
  4 apis skeletons (Crypt:1)
  54 slime creatures
  29 smoke demons
  18 naga magi
  A titan simulacrum (Crypt:1)
  6 rust devils
  2 apocalypse crabs
  A molten gargoyle (Hell)
  8 water nymphs
  2 ice statues (IceCv)
  3 eyes of devastation
  16 orange demons
  34 elephants
  8 cane toads
  5 demonic crawlers
  7 hellions
  A rime drake (Lair:4)
  An unseen horror (shapeshifter) (Abyss:4)
  An unseen horror zombie (D:8)
  A gargoyle (D:11)
  A naga skeleton (Crypt:1)
  4 unseen horrors
  4 dire elephant skeletons
  An efreet (Pan)
  5 komodo dragons
  6 freezing wraiths
  A mana viper zombie (Crypt:2)
  34 yaktaurs
  A purple draconian skeleton (Crypt:3)
  17 tormentors
  6 ancient zymes
  18 ice devils
  A green draconian skeleton (Zot:1)
  6 tengu conjurers
  50 guardian mummies
  A harpy zombie (Crypt:2)
  8 trolls
  12 wind drakes
  2 polar bears
  A tyrant leech (shapeshifter) (Vaults:5)
  21 merfolk
  19 hellwings (Pan)
  A raiju (shapeshifter) (D:15)
  6 hornets
  A blink frog (shapeshifter) (Elf:1)
  13 blink frogs (Lair:4)
  Grinder (D:6)
  12 raiju
  A wind drake (shapeshifter) (Abyss:4)
  8 snapping turtles
  13 air elementals
  2 alligator skeletons
  10 flying skulls
  2 shadows
  A shapeshifter (Abyss:3)
  39 water elementals
  5 spriggans
  10 wraiths
  23 ushabtiu
  A wyvern (Lair:2)
  2 dire elephant simulacra
  59 yaks
  8 fire bats
  A fire bat (shapeshifter) (Vaults:5)
  4 basilisks
  46 starcursed masses
  Eustachio (D:6)
  5 fire elementals
  Grum (D:9)
  13 ynoxinuls
  8 golden eyes
  A basilisk (shapeshifter) (D:15)
  An alligator snapping turtle simulacrum (Crypt:1)
  4 redbacks
  25 neqoxecs
  14 vampire mosquitoes
  20 chaos spawn
  2 death yak simulacra (IceCv)
  2 steam dragons
  2 harpy simulacra
  9 wargs
  47 nagas
  A wind drake skeleton (Crypt:3)
  A swamp worm (shapeshifter) (Vaults:5)
  2 fire bat zombies
  A spatial vortex (Abyss:3)
  4 hell hounds
  2 hydra simulacra
  18 water moccasins
  3 floating eyes
  A demonspawn skeleton (Crypt:2)
  A floating eye (shapeshifter) (D:14)
  3 ice beasts
  A snapping turtle zombie (Crypt:1)
  5 black bears
  43 orc warriors
  10 ogres
  A hog zombie (Crypt:1)
  2 centaurs
  A swamp dragon skeleton (Crypt:3)
  8 boggarts
  A black mamba simulacrum (Crypt:2)
  An elephant skeleton (Crypt:3)
  A snapping turtle skeleton (Crypt:2)
  34 wolves
  A phantom (D:5)
  A rime drake zombie (Crypt:3)
  2 kobold brigands
  13 bullfrogs
  A fire crab zombie (Crypt:3)
  A necrophage (Crypt:1)
  A salamander zombie (Crypt:1)
  2 scorpions
  4 two-headed ogre simulacra (IceCv)
  2 earth elementals (Elf:1)
  11 wights
  13 small abominations
  23 killer bees
  3 howler monkeys
  6 electric eels
  4 centaur zombies
  2 quasits (Abyss:3)
  A gnoll bouda (D:9)
  3 hounds
  2 iron imps
  15 orc priests
  A human skeleton (Crypt:2)
  4 iguanas
  18 orc wizards
  Natasha (twice) (D:3)
  A troll simulacrum (IceCv)
  A spriggan simulacrum (IceCv)
  A polar bear simulacrum (IceCv)
  A killer bee zombie (D:8)
  A wolf simulacrum (IceCv)
  49 mummies
  6 howler monkey zombies (D:8)
  Robin (D:3)
  6 gnolls
  8 adders
  3 naga simulacra (IceCv)
  2 river rats
  A steam dragon skeleton (Crypt:2)
  4 shadow imps
  A white imp (D:7)
  3 ufetubi
  A lava snake skeleton (Crypt:2)
  A worm (D:3)
  2 dart slugs
  106 orcs
  A bat skeleton (Crypt:1)
  7 endoplasms
  7 giant cockroaches
  10 goblins
  7 hobgoblins
  8 quokkas
  5 ball pythons
  5 bats
  7 frilled lizards
  A frilled lizard skeleton (Crypt:2)
  A frilled lizard zombie (Crypt:2)
  9 kobolds
  10 rats
  A river rat skeleton (Crypt:1)
  A ball lightning (Pan)
  3 bushes (D:15)
  5 fire vortices (Pan)
  A lurking horror (Abyss:4)
  9 starspawn tentacles
  2 tentacles (Shoals:3)
3389 creatures vanquished.

Vanquished Creatures (collateral kills)
  Gloorx Vloq (Pan)
  Mnoleg (Pan)
  2 balrugs (Pan)
  A cacodemon (Pan)
  A juggernaut zombie (Tomb:2)
  A skeletal warrior (Tomb:2)
  A large abomination (Pan)
  A neqoxec (Pan)
  A swamp dragon skeleton (Tomb:2)
  A mummy (Tomb:2)
11 creatures vanquished.

Vanquished Creatures (others)
  2 deep elf master archers
  An eldritch tentacle (Pan)
  A draconian knight (Depths:4)
  A frost giant (Crypt:2)
  A stone giant (Tomb:3)
  A vampire knight (Depths:2)
  A green death (Pan)
  An ice dragon (Abyss:4)
  An ogre mage (Abyss:4)
  A shock serpent (Snake:2)
  A thrashing horror (Abyss:4)
  2 soul eaters
  A sixfirhy (Pan)
  A glowing orange brain (Pan)
  A naga ritualist (Snake:2)
  A deep elf archer (Elf:2)
  A necromancer (Abyss:4)
  A deep elf zephyrmancer (Elf:1)
  A rust devil (Pan)
  A naga mage (Snake:4)
  2 smoke demons
  An unseen horror (D:11)
  A tormentor (Dis:3)
  A merfolk (Shoals:2)
  A wind drake (shapeshifter) (Abyss:4)
  A small abomination (Abyss:4)
  A neqoxec (Pan)
  A boggart (Lair:4)
  A wolf (Lair:3)
  32 ball lightnings (Pan)
  27 bushes
  A fire vortex (Pan)
  12 foxfires
  40 fungi
  A lurking horror (Abyss:4)
  195 plants
  7 starspawn tentacles
  9 tentacles
  28 withered plants
384 creatures vanquished.

Grand Total: 3784 creatures vanquished

Notes
Turn   | Place    | Note
-------+----------+-------------------------------------------
     0 | D:1      | jasper the Gargoyle Fighter began the quest for the Orb.
     0 | D:1      | Reached XP level 1. HP: 14/14 MP: 1/1
   162 | D:1      | Reached XP level 2. HP: 19/19 MP: 2/2
   893 | D:2      | Reached XP level 3. HP: 23/23 MP: 3/3
  1200 | D:2      | Reached XP level 4. HP: 29/29 MP: 4/4
  1787 | D:2      | Found a hide-covered altar of Uskayaw.
  1951 | D:3      | Noticed Robin
  1982 | D:3      | Killed Robin
  2164 | D:3      | Identified a scroll of acquirement
  2164 | D:3      | Acquired a +2 broad axe of flaming
  2217 | D:3      | Reached XP level 5. HP: 33/33 MP: 5/5
  2343 | D:3      | Noticed Natasha
  2347 | D:3      | Killed Natasha
  2524 | D:3      | Found Ethisul's Jewellery Shop.
  2744 | D:3      | Noticed Natasha
  2752 | D:3      | Killed Natasha
  2835 | D:4      | Reached XP level 6. HP: 38/38 MP: 6/6
  3062 | D:4      | Noticed a black bear
  3076 | D:4      | Killed a black bear
  3088 | D:4      | Reached XP level 7. HP: 17/44 MP: 7/7
  3727 | D:5      | Entered Level 5 of the Dungeon
  3741 | D:5      | Found a runed translucent door.
  3741 | D:5      | Noticed Rocko1345's ghost (novice DsWn)
  3804 | D:5      | Noticed Edmund
  3959 | D:5      | Reached skill level 5 in Fighting
  3959 | D:5      | Reached skill level 5 in Shields
  3975 | D:5      | Reached skill level 5 in Armour
  4021 | D:5      | Reached skill level 5 in Axes
  4165 | D:5      | Got Fesachit's Compendium of the Flinty Autopsy
  4282 | D:5      | Reached XP level 8. HP: 34/50 MP: 8/8
  4536 | D:6      | Found Neexink's Antique Weapon Shop.
  4614 | D:6      | Noticed Eustachio
  4667 | D:6      | Killed Eustachio
  4877 | D:6      | Found a staircase to the Ecumenical Temple.
  4943 | Temple   | Entered the Ecumenical Temple
  5021 | Temple   | Became a worshipper of Warmaster Okawaru
  5154 | D:6      | Noticed Grinder
  5163 | D:6      | Killed Grinder
  5674 | D:7      | Reached * piety under Okawaru
  5675 | D:7      | Reached XP level 9. HP: 52/56 MP: 9/9
  5856 | D:7      | Reached skill level 1 in Invocations
  5936 | D:7      | Reached skill level 1 in Throwing
  6494 | D:3      | Bought the amulet "Saexoem" {rN+ Regen+} for 453 gold
                  | pieces
  6645 | D:8      | Noticed a hornet
  6649 | D:8      | Noticed a two-headed ogre
  6659 | D:7      | Killed a hornet
  6736 | D:8      | Killed a two-headed ogre
  6736 | D:8      | Reached ** piety under Okawaru
  6737 | D:8      | Reached skill level 5 in Invocations
  6813 | D:8      | Reached skill level 5 in Throwing
  6820 | D:8      | Reached XP level 10. HP: 58/61 MP: 14/14
  6828 | D:8      | Reached *** piety under Okawaru
  7124 | D:8      | Reached **** piety under Okawaru
  7489 | D:9      | Found Ecos's Lightly-Used Armoury.
  7830 | D:9      | Reached XP level 11. HP: 61/67 MP: 15/15
  7831 | D:9      | Noticed Grum
  7857 | D:9      | Killed Grum
  7993 | D:9      | Found a staircase to the Lair.
  8000 | D:9      | Noticed a death yak
  8000 | D:9      | Noticed a death yak
  8001 | D:9      | Noticed a death yak
  8022 | D:9      | HP: 2/67 [death yak (5)]
  8031 | D:9      | Killed a death yak
  8038 | D:9      | Killed a death yak
  8038 | D:9      | Received a gift from Okawaru
  8043 | D:9      | Killed a death yak
  8306 | D:10     | Entered Level 10 of the Dungeon
  8318 | D:10     | Noticed Sonja
  8325 | D:10     | Killed Sonja
  8445 | D:10     | Found a hide-covered altar of Uskayaw.
  8448 | D:10     | Found a shimmering blue altar of Sif Muna.
  8454 | D:10     | Found a burning altar of Makhleb.
  8457 | D:10     | Found a shadowy altar of Dithmenos.
  8463 | D:10     | Found a bloodstained altar of Trog.
  8466 | D:10     | Found a sacrificial altar of Ru.
  8524 | D:10     | Reached ***** piety under Okawaru
  8758 | D:10     | Noticed Urug
  8769 | D:10     | Killed Urug
  8769 | D:10     | Received a gift from Okawaru
  9052 | D:10     | Found a staircase to the Orcish Mines.
  9203 | D:10     | Noticed a two-headed ogre
  9209 | D:10     | Killed a two-headed ogre
  9332 | D:10     | Received a gift from Okawaru
  9446 | D:11     | Noticed a cyclops
  9447 | D:11     | Noticed a manticore
  9459 | D:11     | Noticed a two-headed ogre
  9460 | D:11     | Killed a manticore
  9461 | D:11     | Reached XP level 12. HP: 64/75 MP: 9/16
  9475 | D:11     | Reached skill level 10 in Axes
  9480 | D:11     | Killed a two-headed ogre
  9485 | D:11     | Noticed a boulder beetle
  9800 | D:11     | Killed a boulder beetle
  9800 | D:11     | Received a gift from Okawaru
 10066 | Lair:1   | Entered Level 1 of the Lair of Beasts
 11005 | Lair:2   | Received a gift from Okawaru
 11156 | Lair:2   | Reached skill level 10 in Armour
 11156 | Lair:2   | Reached skill level 10 in Shields
 11161 | Lair:2   | Reached skill level 10 in Fighting
 11172 | Lair:2   | Reached XP level 13. HP: 28/82 MP: 9/17
 11519 | Lair:2   | Received a gift from Okawaru
 11647 | Lair:2   | Identified the +6 mace of Upheaval {vamp, rCorr Int+4}
 11652 | Lair:2   | Identified the ring "Ucreb" {MP+9 Dex+2}
 11682 | Lair:2   | Found a staircase to the Snake Pit.
 11858 | Lair:2   | Found a staircase to the Shoals.
 12597 | Lair:3   | Received a gift from Okawaru
 12647 | Lair:3   | Received a gift from Okawaru
 13364 | Lair:4   | Received a gift from Okawaru
 13389 | Lair:4   | Found a staircase to the Slime Pits.
 13468 | Lair:4   | Identified the +14 gold dragon scales of Maidwafipn {rPois
                  | rF+ rC+ Will+ Int+3} (Okawaru gifted it to you on level 4
                  | of the Lair of Beasts)
 13468 | Lair:4   | Received a gift from Okawaru
 13581 | Lair:4   | Gained mutation: Your large and strong wings let you fly.
                  | [Gargoyle growth]
 13581 | Lair:4   | Reached XP level 14. HP: 66/88 MP: 20/20
 13652 | Lair:4   | Found a frozen archway.
 13673 | IceCv    | Entered an ice cave
 14131 | IceCv    | Noticed a reaper
 14153 | IceCv    | Killed a reaper
 14587 | Lair:4   | Reached skill level 10 in Throwing
 15267 | Lair:5   | Entered Level 5 of the Lair of Beasts
 15396 | Lair:4   | Received a gift from Okawaru
 15443 | Lair:4   | Received a gift from Okawaru
 15480 | Lair:5   | Identified the +1 pair of gloves of Glamorous Curiosity
                  | {rElec rPois rC- Regen+}
 15895 | Lair:5   | Received a gift from Okawaru
 16104 | Lair:5   | Received a gift from Okawaru
 16136 | Lair:5   | Noticed Snorg
 16151 | Lair:5   | Killed Snorg
 16173 | Lair:5   | Reached XP level 15. HP: 64/95 MP: 15/21
 16628 | Orc:1    | Entered Level 1 of the Orcish Mines
 16628 | Orc:1    | Found a bloodstained altar of Trog.
 16884 | Orc:2    | Entered Level 2 of the Orcish Mines
 16980 | Orc:1    | Found Tyjucex's General Store.
 16983 | Orc:1    | Bought a potion of curing for 48 gold pieces
 17167 | Orc:2    | Found a shimmering altar of Xom.
 17256 | Orc:2    | Received a gift from Okawaru
 17420 | Orc:2    | Found Kualup's Weapon Shop.
 17579 | Orc:2    | Received a gift from Okawaru
 17642 | Orc:2    | Received a gift from Okawaru
 17648 | Orc:2    | Found Qianeub's Weapon Shoppe.
 17648 | Orc:2    | Found Luwud's Weapon Shop.
 17698 | Orc:2    | Found a staircase to the Elven Halls.
 17698 | Orc:2    | Noticed Erolcha
 17705 | Orc:2    | Killed Erolcha
 17857 | Orc:2    | Found Ubilat's Jewellery Shop.
 17894 | Orc:2    | Found Kalann's General Store.
 17897 | Orc:2    | Received a gift from Okawaru
 18324 | D:12     | Noticed Nessos
 18347 | D:12     | Killed Nessos
 19373 | D:13     | Found a gate to the Vaults.
 19400 | D:13     | Reached skill level 15 in Axes
 19410 | D:13     | Received a gift from Okawaru
 19991 | D:14     | Found a shimmering altar of Xom.
 19992 | D:14     | Found a shimmering altar of Xom.
 19996 | D:14     | Found a shimmering altar of Xom.
 19996 | D:14     | Found a shimmering altar of Xom.
 20038 | D:14     | Received a gift from Okawaru
 20330 | D:14     | Reached XP level 16. HP: 101/101 MP: 22/22
 20631 | D:14     | Received a gift from Okawaru
 21027 | D:15     | Entered Level 15 of the Dungeon
 21157 | D:15     | Received a gift from Okawaru
 21221 | D:15     | Identified the +1 buckler "Xywkopn" {Will+ Int+2}
 21578 | D:15     | Received a gift from Okawaru
 21634 | D:15     | Found a staircase to the Depths.
 21706 | D:15     | Received a gift from Okawaru
 22053 | Snake:1  | Entered Level 1 of the Snake Pit
 22268 | Snake:1  | Found a runed translucent door.
 22300 | Snake:1  | Identified the +2 hat of Responsibility {Contam Str+2 Int+3
                  | SInv} (Okawaru gifted it to you on level 1 of the Snake
                  | Pit)
 22300 | Snake:1  | Received a gift from Okawaru
 22357 | Snake:1  | Found Piusmece's Jewellery Shop.
 22371 | Snake:1  | Found Edazed's Antique Armour Boutique.
 22672 | Snake:1  | Reached ****** piety under Okawaru
 23273 | Snake:1  | Reached XP level 17. HP: 108/108 MP: 23/23
 23761 | Snake:2  | Received a gift from Okawaru
 24054 | Snake:2  | Received a gift from Okawaru
 24617 | Snake:3  | Noticed Aizul
 24630 | Snake:3  | Killed Aizul
 24927 | Snake:3  | Found a shimmering altar of Xom.
 25155 | Snake:3  | Found Wicos's Whimsical Warehouse.
 25569 | Snake:4  | Entered Level 4 of the Snake Pit
 25846 | Snake:4  | Noticed Asterion
 25846 | Snake:4  | Noticed Vashnia
 25853 | Snake:4  | Killed Asterion
 25854 | Snake:4  | Killed Vashnia
 25854 | Snake:4  | Received a gift from Okawaru
 25855 | Snake:4  | Reached XP level 18. HP: 71/117 MP: 16/24
 26099 | Snake:4  | Reached skill level 15 in Fighting
 26138 | Snake:4  | Reached skill level 15 in Shields
 26149 | Snake:4  | Reached skill level 15 in Armour
 26232 | Snake:4  | Received a gift from Okawaru
 26803 | Snake:4  | Identified the +9 broad axe of Responsibility {freeze,
                  | rElec rN+ Str+2} (Okawaru gifted it to you on level 4 of
                  | the Snake Pit)
 26803 | Snake:4  | Received a gift from Okawaru
 27032 | Snake:4  | Noticed a quicksilver dragon
 27056 | Snake:4  | Killed a quicksilver dragon
 27158 | Snake:4  | Got a serpentine rune of Zot
 27625 | Shoals:1 | Entered Level 1 of the Shoals
 27919 | Shoals:1 | Reached XP level 19. HP: 125/125 MP: 25/25
 29355 | Shoals:3 | Received a gift from Okawaru
 29413 | Shoals:3 | Found a transporter.
 29509 | Shoals:3 | Noticed HilariousDeathArtist's ghost (adept GrBr)
 29539 | Shoals:3 | Found a bloodstained altar of Trog.
 29747 | Shoals:3 | Noticed Ilsuiw
 29782 | Shoals:3 | Killed Ilsuiw
 30112 | Shoals:3 | Found a transporter.
 30131 | Shoals:4 | Entered Level 4 of the Shoals
 30169 | Shoals:3 | Identified the ring of the Moon {Dex+4 SInv}
 30220 | Shoals:4 | Paralysed by an air elemental for 1 turns
 30223 | Shoals:4 | Received a gift from Okawaru
 30411 | Shoals:4 | Received a gift from Okawaru
 30526 | Shoals:4 | Identified the +4 kite shield "Woirch" {MP+9 Str+3}
                  | (Okawaru gifted it to you on level 4 of the Shoals)
 30526 | Shoals:4 | Received a gift from Okawaru
 30785 | Shoals:4 | Paralysed by an air elemental for 1 turns
 30816 | Shoals:4 | Paralysed by an air elemental for 1 turns
 30819 | Shoals:4 | Paralysed by an air elemental for 1 turns
 31009 | Shoals:4 | Got a barnacled rune of Zot
 31460 | Vaults:1 | Entered Level 1 of the Vaults
 31617 | Vaults:1 | Reached XP level 20. HP: 130/134 MP: 26/26
 32422 | Elf:1    | Entered Level 1 of the Elven Halls
 32432 | Elf:1    | Identified the +7 war axe "Vuzam" {antimagic, rN+ Will-
                  | rCorr Str+5} (Okawaru gifted it to you on level 1 of the
                  | Elven Halls)
 32432 | Elf:1    | Received a gift from Okawaru
 32545 | Elf:1    | Noticed Agnes
 32559 | Elf:1    | Killed Agnes
 32869 | Elf:1    | Found Sisurari's General Store.
 32872 | Elf:1    | Bought a potion of curing for 42 gold pieces
 32872 | Elf:1    | Bought a scroll of teleportation for 42 gold pieces
 32872 | Elf:1    | Bought a scroll of torment for 133 gold pieces
 32872 | Elf:1    | Bought a scroll of enchant armour for 105 gold pieces
 32929 | Elf:1    | Paralysed by an air elemental for 1 turns
 32948 | Elf:1    | Received a gift from Okawaru
 33275 | Elf:1    | Received a gift from Okawaru
 33298 | Elf:1    | Noticed Jorgrun
 33314 | Elf:1    | Killed Jorgrun
 33564 | Elf:3    | Entered Level 3 of the Elven Halls
 33568 | Elf:3    | Paralysed by an air elemental for 1 turns
 33581 | Elf:3    | Found Ucikycs's Jewellery Shoppe.
 33688 | Elf:2    | Identified the +1 pair of gloves of Sin {Rampage} (Okawaru
                  | gifted it to you on level 2 of the Elven Halls)
 33688 | Elf:2    | Received a gift from Okawaru
 33822 | Elf:2    | Paralysed by an air elemental for 1 turns
 33832 | Elf:2    | Paralysed by an air elemental for 1 turns
 33957 | Elf:2    | Reached XP level 21. HP: 143/143 MP: 27/27
 34378 | Elf:2    | Found a runed translucent gate.
 34378 | Elf:2    | Found a runed translucent gate.
 34378 | Elf:2    | Found a runed translucent gate.
 34539 | Elf:3    | Found a radiant altar of Vehumet.
 34643 | Elf:3    | Paralysed by an air elemental for 1 turns
 36058 | Elf:3    | Identified the +3 battleaxe "Umuotoib" {spect, Fragile
                  | Str+6 Stlth+}
 36058 | Elf:3    | Identified the +2 robe of the Endless Songs {Rampage rF+
                  | rN+ Dex-3}
 36058 | Elf:3    | Identified the ring of the Hippo {EV+5 Int+2}
 36251 | Elf:3    | Received a gift from Okawaru
 36270 | Elf:3    | Identified the +1 flail "Orb Guardian's Bane" {heavy, rF++
                  | rC+}
 36282 | Elf:3    | Identified the +2 great sword "Erghupt" {freeze, rC+}
 36477 | Elf:3    | Identified the amulet "Nuinewak" {Spirit *Slow Fragile
                  | rF+++ rC++}
 36541 | Elf:3    | Identified the amulet "Xijyrut" {rF+ Regen+ Str+2 Int+3
                  | Slay+2}
 36654 | Elf:3    | Identified the +9 plate armour of Untruth {Harm +Inv rPois
                  | Int-5}
 37034 | Vaults:1 | Received a gift from Okawaru
 37217 | Vaults:2 | Received a gift from Okawaru
 37308 | Vaults:2 | Identified the +5 dagger "Ijaahesu" {flame, Contam Str+4
                  | Int+3 Dex+3}
 37551 | Vaults:2 | Received a gift from Okawaru
 37780 | Vaults:2 | Received a gift from Okawaru
 37870 | Vaults:2 | Found a staircase to the Crypt.
 38266 | Vaults:2 | Identified the +0 sling "Hueh Fei" {antimagic, Dex+2}
                  | (Okawaru gifted it to you on level 2 of the Vaults)
 38266 | Vaults:2 | Received a gift from Okawaru
 38385 | Vaults:2 | Identified the +8 chain mail "Yhuck" {Dex+3}
 39088 | Vaults:3 | Reached XP level 22. HP: 145/152 MP: 25/28
 39341 | Vaults:3 | Identified the +1 robe "Kavug" {rC+}
 39465 | Vaults:4 | Identified the +8 glaive of Tumult {drain, rF+ Str+2 Int+5}
 39565 | Vaults:4 | Received a gift from Okawaru
 40103 | Vaults:4 | Found Fezachirgh's Armour Emporium.
 40865 | Depths:1 | Entered Level 1 of the Depths
 40905 | Depths:1 | Noticed the Enchantress
 40928 | D:15     | Killed the Enchantress
 40981 | D:15     | Identified the -1 pair of boots of Yrusta Pagh {Drain +Inv
                  | rElec Will-} (Okawaru gifted it to you on level 15 of the
                  | Dungeon)
 40981 | D:15     | Received a gift from Okawaru
 41018 | Depths:1 | Acquired the +1 cloak of the Sandy God {rC+ Will- Regen+}
 41022 | Depths:1 | Acquired a manual of Axes
 41117 | Depths:1 | Noticed Saint Roka
 41138 | Depths:1 | Killed Saint Roka
 41373 | Depths:1 | Learned a level 2 spell: Blink
 41378 | Depths:1 | Learned a level 4 spell: Manifold Assault
 41382 | Depths:1 | Found a gateway to Hell.
 41553 | Depths:1 | Found a stormy altar of Qazlal.
 42892 | Depths:2 | Found a one-way gate leading to the halls of Pandemonium.
 43036 | Depths:2 | Noticed Vv
 43069 | Depths:2 | Killed Vv
 43441 | Depths:2 | Noticed a juggernaut
 43445 | Depths:2 | Reached XP level 23. HP: 109/156 MP: 11/29
 43466 | Depths:2 | Killed a juggernaut
 43710 | Depths:2 | Identified the ring of Reimbursement {rN+ Will+ Dex+5}
 43712 | Depths:2 | Identified the +1 cloak "Ugageg" {Will+}
 43992 | Depths:3 | Found a one-way gate to the infinite horrors of the Abyss.
 44028 | Depths:3 | Received a gift from Okawaru
 44096 | Depths:3 | Reached skill level 1 in Dodging
 44096 | Depths:3 | Received a gift from Okawaru
 44198 | Depths:3 | Received a gift from Okawaru
 44403 | Depths:3 | Identified the +2 robe of the Big Bang {Dex+2}
 44528 | Depths:3 | Identified the +9 war axe of the Hated {holy, rN+ SInv}
 44567 | Depths:3 | Received a gift from Okawaru
 44717 | Depths:3 | Identified the +1 chain mail of the Kraken {rElec rF- Str+4
                  | Int+3}
 44807 | Depths:3 | Reached skill level 5 in Dodging
 44949 | Depths:4 | Entered Level 4 of the Depths
 45059 | Depths:4 | Noticed a golden dragon
 45101 | Depths:4 | Found Qaymayf's Book Shop.
 45107 | Depths:4 | Found a flickering gateway to a bazaar.
 45119 | Bazaar   | Entered a bazaar
 45119 | Bazaar   | Found Qiumyso's Antique Weapon Emporium.
 45119 | Bazaar   | Found Rahaen's Magic Scroll Shoppe.
 45119 | Bazaar   | Found Relaora's Distillery.
 45121 | Bazaar   | Found Fetammeng's Antique Armour Shoppe.
 45132 | Bazaar   | Bought a scroll of enchant armour for 112 gold pieces
 45132 | Bazaar   | Bought a scroll of enchant armour for 112 gold pieces
 45132 | Bazaar   | Bought a scroll of enchant armour for 112 gold pieces
 45132 | Bazaar   | Bought a scroll of torment for 142 gold pieces
 45132 | Bazaar   | Bought a scroll of magic mapping for 112 gold pieces
 45141 | Bazaar   | Bought a potion of ambrosia for 72 gold pieces
 45141 | Bazaar   | Bought a potion of haste for 90 gold pieces
 45141 | Bazaar   | Bought a potion of resistance for 90 gold pieces
 45141 | Bazaar   | Bought a potion of mutation for 72 gold pieces
 45141 | Bazaar   | Bought a potion of resistance for 90 gold pieces
 45141 | Bazaar   | Bought a potion of invisibility for 72 gold pieces
 45238 | Depths:4 | Found a radiant altar of Vehumet.
 45369 | Depths:4 | Found a one-way gateway to a ziggurat.
 45478 | Depths:4 | Identified the +3 scale mail of Existentialism {+Blink
                  | rPois Stlth+}
 45605 | Depths:4 | Paralysed by a vampire knight for 2 turns
 45746 | Depths:4 | Received a gift from Okawaru
 45769 | Depths:4 | Reached XP level 24. HP: 144/166 MP: 20/29
 45830 | Depths:4 | Found a runed translucent door.
 45853 | Depths:4 | Found a runed translucent door.
 45880 | Depths:4 | Found a runed translucent door.
 45887 | Depths:4 | Found a runed translucent door.
 45986 | Depths:4 | Found a gate to the Realm of Zot.
 46027 | Depths:4 | Found a runed translucent door.
 46074 | Depths:4 | Found a runed translucent door.
 46681 | Orc:1    | Bought a ring of resist corrosion for 320 gold pieces
 46884 | Slime:1  | Entered Level 1 of the Pits of Slime
 46926 | Slime:2  | Gained mutation: Your body sometimes deteriorates upon
                  | taking damage. [a shining eye]
 46931 | Slime:2  | Received a gift from Okawaru
 46991 | Slime:5  | Entered Level 5 of the Pits of Slime
 46993 | Slime:5  | Gained mutation: You are dopey. (Int -2) [a shining eye]
 47109 | Slime:5  | Received a gift from Okawaru
 47901 | Slime:5  | Found a viscous altar of Jiyva.
 48044 | Slime:5  | Noticed the Royal Jelly
 48055 | Slime:5  | Killed the Royal Jelly
 48114 | Slime:5  | Identified the +4 short sword of Summertime {venom, rElec
                  | rPois Will- Int+2}
 48156 | Slime:5  | Acquired a +4 ring of slaying
 48177 | Slime:5  | Got the Lessons on Combative Shaping
 48186 | Slime:5  | Got a slimy rune of Zot
 48235 | Slime:3  | Gained mutation: Your magical capacity is low. (-10% MP) [a
                  | shining eye]
 48554 | Depths:3 | Voluntarily entered the Abyss.
 48682 | Abyss:2  | Found a corrupted altar of Lugonu.
 48834 | Abyss:3  | Reached skill level 10 in Dodging
 48903 | Abyss:3  | Found a corrupted altar of Lugonu.
 48977 | Abyss:3  | Found a corrupted altar of Lugonu.
 49000 | Abyss:3  | Identified the +3 cloak "Sorhirph" {Str-4 Int+6 Dex+2}
                  | (Okawaru gifted it to you on level 3 of the Abyss)
 49000 | Abyss:3  | Received a gift from Okawaru
 49274 | Abyss:4  | Found a corrupted altar of Lugonu.
 49275 | Abyss:4  | Found a corrupted altar of Lugonu.
 49317 | Abyss:4  | Paralysed by accursed screaming for 1 turns
 49574 | Abyss:4  | Noticed a dread lich
 49595 | Abyss:4  | Got an abyssal rune of Zot
 49598 | Abyss:4  | Reached XP level 25. HP: 173/173 MP: 20/26
 49608 | Abyss:4  | Killed a dread lich
 49655 | Abyss:4  | Found a corrupted altar of Lugonu.
 49759 | Abyss:4  | Paralysed by accursed screaming for 1 turns
 49774 | Abyss:4  | Received a gift from Okawaru
 49915 | Depths:3 | Escaped the Abyss
 50182 | Vaults:5 | Entered Level 5 of the Vaults
 50310 | Vaults:4 | Reached skill level 1 in Translocations
 50390 | Vaults:4 | Learned a level 1 spell: Apportation
 50402 | Vaults:4 | Received a gift from Okawaru
 51061 | Vaults:5 | Noticed Margery
 51079 | Vaults:5 | Killed Margery
 51158 | Vaults:5 | Noticed an ancient lich
 51160 | Vaults:5 | Identified the +3 hand axe of Ushaxt {flame, rPois rF+
                  | Dex+4}
 51168 | Vaults:5 | Killed an ancient lich
 51168 | Vaults:5 | Identified the +1 plate armour of the Ward {Stlth+}
                  | (Okawaru gifted it to you on level 5 of the Vaults)
 51168 | Vaults:5 | Received a gift from Okawaru
 51210 | Vaults:5 | Noticed Xtahua
 51229 | Vaults:5 | Killed Xtahua
 51233 | Vaults:5 | Reached XP level 26. HP: 166/183 MP: 16/26
 51452 | Vaults:5 | Identified the +7 war axe "Ruvvauck" {vamp, Drain rF+++
                  | Will- rCorr}
 51537 | Vaults:5 | Got a silver rune of Zot
 51626 | Vaults:5 | Noticed Sojobo
 51655 | Vaults:5 | Killed Sojobo
 51796 | Vaults:5 | Identified the +6 chain mail "Teh Urof" {Contam Regen+
                  | Dex+3}
 51926 | Vaults:5 | Identified the +13 plate armour of Fallacy {Harm rPois
                  | rCorr}
 51935 | Vaults:5 | Identified the +6 flail "Kucs" {holy, Drain rElec rN+++
                  | Str+3}
 52185 | Vaults:5 | Identified the +0 ring mail of the Fiddle {rElec Str+5
                  | Slay-3}
 52734 | Zot:1    | Entered Level 1 of the Realm of Zot
 52801 | Depths:4 | Identified the +0 scale mail of the Ant {rCorr} (Okawaru
                  | gifted it to you on level 4 of the Depths)
 52801 | Depths:4 | Received a gift from Okawaru
 53320 | Zot:1    | Found the +4 Cigotuvi's embrace {Corpsefed rMiasma Drain
                  | rN+}
 53700 | Zot:1    | Found an ornate altar of the Wu Jian Council.
 54337 | Zot:2    | Received a gift from Okawaru
 55057 | Zot:3    | Reached XP level 27. HP: 192/192 MP: 26/26
 55643 | Zot:3    | Noticed an ancient lich
 55670 | Zot:3    | Killed an ancient lich
 56128 | Zot:3    | Identified the +1 pair of gloves "Mosiapp" {Will- Str+5}
                  | (Okawaru gifted it to you on level 3 of the Realm of Zot)
 56128 | Zot:3    | Received a gift from Okawaru
 56486 | Zot:4    | Found the +2 pair of slick slippers {slick, slippery, EV+5}
 56509 | Zot:4    | Acquired a manual of Translocations
 56828 | Zot:4    | Reached skill level 27 in Fighting
 57304 | Zot:4    | Found a runed translucent gate.
 57304 | Zot:4    | Found a runed translucent gate.
 57304 | Zot:4    | Found a runed translucent gate.
 57305 | Zot:4    | Noticed Dawneret's ghost (master GnFi)
 57571 | Zot:4    | Killed Dawneret's ghost
 57670 | Zot:5    | Entered Level 5 of the Realm of Zot
 58612 | Zot:5    | Reached skill level 5 in Translocations
 58835 | Zot:5    | Noticed an ancient lich
 58847 | Zot:5    | Killed an ancient lich
 59501 | Zot:5    | Noticed an orb of fire
 59515 | Zot:5    | Gained mutation: You are weak. (Str -2) [an orb of fire]
 59517 | Zot:5    | Noticed an orb of fire
 59522 | Zot:5    | Killed an orb of fire
 59527 | Zot:5    | Gained mutation: Your body often deteriorates upon taking
                  | damage. [an orb of fire]
 59532 | Zot:5    | Killed an orb of fire
 59554 | Zot:5    | Received a gift from Okawaru
 59658 | Zot:5    | Noticed an orb of fire
 59675 | Zot:5    | Gained mutation: Your magical capacity is very low. (-20%
                  | MP) [an orb of fire]
 59677 | Zot:5    | Killed an orb of fire
 59888 | Zot:5    | Noticed a dread lich
 60093 | Zot:5    | Killed a dread lich
 60112 | Zot:5    | Noticed an orb of fire
 60122 | Zot:5    | Gained mutation: You are clumsy. (Dex -2) [an orb of fire]
 60140 | Zot:5    | Gained mutation: You are very dopey. (Int -4) [an orb of
                  | fire]
 60142 | Zot:5    | Gained mutation: You have hidden genetic defects. [an orb
                  | of fire]
 60147 | Zot:5    | Gained mutation: Your magical capacity is extremely low.
                  | (-30% MP) [an orb of fire]
 60151 | Zot:5    | Killed an orb of fire
 60178 | Zot:5    | Reached skill level 27 in Armour
 60178 | Zot:5    | Reached skill level 15 in Dodging
 60244 | Zot:5    | Noticed a dread lich
 60255 | Zot:5    | Killed a dread lich
 60540 | Zot:5    | Received a gift from Okawaru
 61103 | Temple   | Fell from the grace of Okawaru
 61103 | Temple   | Became a worshipper of the Shining One
 61345 | Crypt:1  | Entered Level 1 of the Crypt
 61363 | Crypt:1  | Found a transporter.
 61376 | Crypt:1  | Found a transporter.
 61404 | Crypt:1  | Reached * piety under the Shining One
 61416 | Crypt:1  | Noticed Khufu
 61420 | Crypt:1  | Noticed a royal mummy
 61435 | Crypt:1  | Reached ** piety under the Shining One
 61453 | Crypt:1  | Gained mutation: You are occasionally teleported next to
                  | monsters. [hidden defects]
 61483 | Crypt:1  | Killed Khufu
 61484 | Crypt:1  | Reached skill level 10 in Invocations
 61488 | Crypt:1  | Killed a royal mummy
 61531 | Crypt:1  | Reached *** piety under the Shining One
 61765 | Crypt:1  | Reached **** piety under the Shining One
 61804 | Crypt:1  | Found a basalt altar of Yredelemnul.
 61872 | Crypt:1  | Lost mutation: You are occasionally teleported next to
                  | monsters. [potion of mutation]
 61872 | Crypt:1  | Lost mutation: Your magical capacity is extremely low.
                  | (-30% MP) [potion of mutation]
 61872 | Crypt:1  | Gained mutation: You sometimes lose your temper in combat.
                  | [potion of mutation]
 61872 | Crypt:1  | Lost mutation: Your magical capacity is very low. (-20% MP)
                  | [potion of mutation]
 61873 | Crypt:1  | Lost mutation: You are weak. (Str -2) [potion of mutation]
 61873 | Crypt:1  | Lost mutation: You are very dopey. (Int -4) [potion of
                  | mutation]
 61873 | Crypt:1  | Lost mutation: Your magical capacity is low. (-10% MP)
                  | [potion of mutation]
 61873 | Crypt:1  | Lost mutation: You have hidden genetic defects. [potion of
                  | mutation]
 61874 | Crypt:1  | Lost mutation: You are clumsy. (Dex -2) [potion of
                  | mutation]
 61874 | Crypt:1  | Lost mutation: You are dopey. (Int -2) [potion of mutation]
 61874 | Crypt:1  | Gained mutation: You have sharp fingernails. [potion of
                  | mutation]
 61874 | Crypt:1  | Lost mutation: You sometimes lose your temper in combat.
                  | [potion of mutation]
 61938 | Crypt:1  | Reached ***** piety under the Shining One
 62488 | Crypt:2  | Reached ****** piety under the Shining One
 62511 | Crypt:2  | Identified a +9 broad axe of holy wrath (a +9 broad axe of
                  | freezing blessed by the Shining One)
 62511 | Crypt:2  | Received a gift from the Shining One
 62822 | Crypt:2  | Got the Opusculum on Rot and Anemomancy
 63146 | Crypt:3  | Entered Level 3 of the Crypt
 63675 | Crypt:3  | Found a staircase to the Tomb.
 63755 | Crypt:3  | Reached skill level 15 in Invocations
 63784 | Crypt:3  | Noticed a dread lich
 63784 | Crypt:3  | Noticed an ancient lich
 64028 | Tomb:1   | Entered Level 1 of the Tomb of the Ancients
 64103 | Tomb:1   | Noticed Boris
 64123 | Tomb:1   | Killed Boris
 64546 | Tomb:1   | Noticed a royal mummy
 64566 | Tomb:1   | Killed a royal mummy
 64705 | Tomb:1   | Noticed a royal mummy
 64720 | Tomb:1   | Killed a royal mummy
 64723 | Tomb:1   | Gained mutation: You sometimes lose your temper in combat.
                  | [a neqoxec]
 65140 | Tomb:2   | Noticed a royal mummy
 65140 | Tomb:2   | Noticed a royal mummy
 65143 | Tomb:2   | Noticed a royal mummy
 65143 | Tomb:2   | Noticed a royal mummy
 65160 | Tomb:2   | Killed a royal mummy
 65213 | Tomb:1   | Noticed a royal mummy
 65229 | Tomb:1   | Killed a royal mummy
 65230 | Tomb:1   | Lost mutation: You sometimes lose your temper in combat.
                  | [potion of mutation]
 65230 | Tomb:1   | Lost mutation: Your body often deteriorates upon taking
                  | damage. [potion of mutation]
 65230 | Tomb:1   | Lost mutation: You have sharp fingernails. [potion of
                  | mutation]
 65230 | Tomb:1   | Gained mutation: You expend magic power (3 MP) to
                  | strengthen your wands. [potion of mutation]
 65230 | Tomb:1   | Gained mutation: You are vulnerable to cold. (rC-) [potion
                  | of mutation]
 65340 | Tomb:1   | Noticed a royal mummy
 65351 | Tomb:1   | Killed a royal mummy
 65468 | Tomb:1   | Noticed a royal mummy
 65468 | Tomb:1   | Noticed a royal mummy
 65474 | Tomb:1   | Noticed a royal mummy
 65480 | Tomb:1   | Killed a royal mummy
 65502 | Tomb:1   | Killed a royal mummy
 65514 | Tomb:1   | Killed a royal mummy
 65660 | Tomb:1   | Noticed a royal mummy
 65663 | Tomb:1   | Noticed a royal mummy
 65668 | Tomb:1   | Killed a royal mummy
 65669 | Tomb:1   | Noticed a royal mummy
 65678 | Tomb:1   | Killed a royal mummy
 65690 | Tomb:1   | Killed a royal mummy
 65768 | Tomb:1   | Noticed a royal mummy
 65770 | Tomb:1   | Noticed a royal mummy
 65775 | Tomb:1   | Killed a royal mummy
 65787 | Tomb:1   | Killed a royal mummy
 65815 | Tomb:1   | Noticed a royal mummy
 65818 | Tomb:1   | Noticed a royal mummy
 65821 | Tomb:1   | Noticed a royal mummy
 65824 | Tomb:1   | Killed a royal mummy
 65831 | Tomb:1   | Killed a royal mummy
 65839 | Tomb:1   | Killed a royal mummy
 65905 | Tomb:1   | Noticed a royal mummy
 65916 | Tomb:1   | Killed a royal mummy
 66244 | Tomb:3   | Entered Level 3 of the Tomb of the Ancients
 66258 | Tomb:3   | Noticed a royal mummy
 66259 | Tomb:3   | Noticed a royal mummy
 66260 | Tomb:3   | Noticed a royal mummy
 66260 | Tomb:3   | Noticed a royal mummy
 66267 | Tomb:3   | Noticed a royal mummy
 66270 | Tomb:3   | Killed a royal mummy
 66270 | Tomb:3   | Noticed a royal mummy
 66279 | Tomb:3   | Killed a royal mummy
 66281 | Tomb:3   | Gained mutation: You are occasionally teleported next to
                  | monsters. [mutagenic glow]
 66302 | Tomb:3   | Noticed a royal mummy
 66302 | Tomb:3   | Noticed a royal mummy
 66312 | Tomb:3   | Noticed a royal mummy
 66313 | Tomb:3   | Killed a royal mummy
 66320 | Tomb:3   | Killed a royal mummy
 66333 | Tomb:3   | Killed a royal mummy
 66353 | Tomb:3   | Identified the +1 plate armour "Feades" {-Tele rPois Regen+
                  | Str+4}
 66507 | Tomb:3   | Killed a royal mummy
 66513 | Tomb:3   | Killed a royal mummy
 66515 | Tomb:3   | Killed a royal mummy
 66518 | Tomb:3   | Killed a royal mummy
 66569 | Tomb:3   | Identified the +1 plate armour "Kuocs" {SInv}
 66854 | Tomb:3   | Identified the +9 morningstar of the Fool {vamp, rN++ Int+2
                  | Dex+2 Stlth+}
 66858 | Tomb:3   | Identified the +0 helmet "Zumnuvec" {rF+}
 66871 | Tomb:3   | Identified the ring of Mievoer {Fly rN+ AC+4 Str+5 Int+3}
 66899 | Tomb:3   | Identified the +1 leather armour of Crawling {rCorr Int+4}
 66969 | Tomb:3   | Identified the ring of Fungus {Ice rElec Str+5}
 67032 | Tomb:3   | Got a golden rune of Zot
 67636 | Pan      | Entered Pandemonium
 67698 | Pan      | Noticed Exkut the pandemonium lord
 67722 | Pan      | Killed Exkut the pandemonium lord
 67862 | Pan      | Noticed Voxoroev the pandemonium lord
 67867 | Pan      | Gained mutation: Armour fits poorly on your strangely
                  | shaped body. [a cacodemon]
 67887 | Pan      | Noticed Matef the pandemonium lord
 67896 | Pan      | Killed Matef the pandemonium lord
 67906 | Pan      | Noticed Ywusu the pandemonium lord
 67906 | Pan      | Found a runed translucent door.
 67949 | Pan      | Got a demonic rune of Zot
 67964 | Pan      | Killed Ywusu the pandemonium lord
 68017 | Pan      | Noticed Piderumi the pandemonium lord
 68023 | Pan      | Noticed Wytefe the pandemonium lord
 68039 | Pan      | Killed Wytefe the pandemonium lord
 68079 | Pan      | Gained mutation: You sometimes lose your temper in combat.
                  | [a neqoxec]
 68133 | Pan      | Lost mutation: Your body sometimes deteriorates upon taking
                  | damage. [potion of mutation]
 68133 | Pan      | Lost mutation: You are vulnerable to cold. (rC-) [potion of
                  | mutation]
 68133 | Pan      | Lost mutation: You are occasionally teleported next to
                  | monsters. [potion of mutation]
 68133 | Pan      | Gained mutation: You passively dampen the noise of your
                  | surroundings. [potion of mutation]
 68133 | Pan      | Gained mutation: You have supernaturally acute eyesight.
                  | (SInv) [potion of mutation]
 68133 | Pan      | Gained mutation: Your flesh is cold resistant. (rC+)
                  | [potion of mutation]
 68134 | Pan      | Lost mutation: You expend magic power (3 MP) to strengthen
                  | your wands. [potion of mutation]
 68134 | Pan      | Lost mutation: You passively dampen the noise of your
                  | surroundings. [potion of mutation]
 68134 | Pan      | Gained mutation: You are agile. (Dex +4, Str/Int -1)
                  | [potion of mutation]
 68261 | Pan      | Found a huge runed translucent gate.
 68269 | Pan      | Found a huge runed translucent gate.
 68270 | Pan      | Found a huge runed translucent gate.
 68270 | Pan      | Found a huge runed translucent gate.
 68270 | Pan      | Found a huge runed translucent gate.
 68270 | Pan      | Found a huge runed translucent gate.
 68272 | Pan      | Found a huge runed translucent gate.
 68348 | Pan      | Entered the realm of Cerebov.
 68395 | Pan      | Found the +6 sword of Cerebov {flame}
 68395 | Pan      | Noticed Cerebov
 68419 | Pan      | Got a fiery rune of Zot
 68552 | Pan      | Noticed Wiogeykami the pandemonium lord
 68587 | Pan      | Killed Wiogeykami the pandemonium lord
 68610 | Pan      | Gained mutation: You occasionally lose the ability to read
                  | scrolls when taking damage. [a cacodemon]
 68612 | Pan      | Was forgiven by Okawaru
 68623 | Pan      | Identified the +0 helmet of the Robin {Dex+2}
 68849 | Pan      | Noticed Ohaer the pandemonium lord
 68855 | Pan      | Killed Ohaer the pandemonium lord
 68875 | Pan      | Gained mutation: You are weak. (Str -2) [a neqoxec]
 68880 | Pan      | Found the +6 sword of Cerebov {flame}
 68880 | Pan      | Noticed Cerebov
 68894 | Pan      | Entered the realm of Gloorx Vloq.
 69073 | Pan      | Noticed Gloorx Vloq
 69083 | Pan      | Killed Gloorx Vloq
 69122 | Pan      | Got a dark rune of Zot
 69355 | Pan      | Gained mutation: You are very weak. (Str -4) [a neqoxec]
 69411 | Pan      | Noticed Mennas
 69477 | Pan      | Killed Mennas
 69561 | Pan      | Entered the realm of Lom Lobon.
 69578 | Pan      | Identified the +1 robe "Ommiumar" {Dex-5 Slay+4}
 69602 | Pan      | Reached skill level 27 in Invocations
 69747 | Pan      | Noticed Lom Lobon
 69771 | Pan      | Got a magical rune of Zot
 69851 | Pan      | Entered the realm of Mnoleg.
 69882 | Pan      | Gained mutation: You sometimes lose the ability to read
                  | scrolls when taking damage. [a cacodemon]
 69886 | Pan      | Gained mutation: You are dopey. (Int -2) [a cacodemon]
 69896 | Pan      | Gained mutation: You have hidden genetic defects. [a
                  | cacodemon]
 69913 | Pan      | Gained mutation: You are vulnerable to heat. (rF-) [a
                  | cacodemon]
 69920 | Pan      | Lost mutation: You are agile. (Dex +4, Str/Int -1) [a
                  | cacodemon]
 70029 | Pan      | Gained mutation: You have terrible hidden genetic defects.
                  | [a neqoxec]
 70198 | Pan      | Noticed Mnoleg
 70202 | Pan      | Gained mutation: You have an uncontrollable temper. [a
                  | cacodemon]
 70214 | Pan      | Killed Mnoleg
 70229 | Pan      | Got a glowing rune of Zot
 70265 | Pan      | Gained mutation: You occasionally shout uncontrollably at
                  | your foes. [a neqoxec]
 70386 | Pan      | Gained mutation: Your magical capacity is low. (-10% MP) [a
                  | neqoxec]
 70411 | Pan      | Gained mutation: Your body sometimes deteriorates upon
                  | taking damage. [a cacodemon]
 70509 | Pan      | Gained mutation: You occasionally lose the ability to drink
                  | potions when taking damage. [a cacodemon]
 70525 | Pan      | Gained mutation: Your body often deteriorates upon taking
                  | damage. [hidden defects]
 70544 | Pan      | Gained mutation: You are very dopey. (Int -4) [a shining
                  | eye]
 70738 | Pan      | Gained mutation: You do not regenerate when monsters are
                  | visible. [a neqoxec]
 70739 | Pan      | Gained mutation: Potions are less effective at restoring
                  | your health. [a neqoxec]
 70787 | Pan      | Noticed Elaxusch the pandemonium lord
 70800 | Pan      | Killed Elaxusch the pandemonium lord
 70806 | Pan      | Reached skill level 10 in Translocations
 70808 | Pan      | Gained mutation: Your magical capacity is very low. (-20%
                  | MP) [a neqoxec]
 70816 | Depths:2 | Escaped Pandemonium
 71084 | Temple   | Fell from the grace of the Shining One
 71084 | Temple   | Became a worshipper of Zin the Law-Giver
 71084 | Temple   | Reached * piety under Zin
 71084 | Temple   | Reached ** piety under Zin
 71084 | Temple   | Reached *** piety under Zin
 71084 | Temple   | Reached **** piety under Zin
 71084 | Temple   | Reached ***** piety under Zin
 71085 | Temple   | Donated 4798 gold pieces to Zin
 71086 | Temple   | Donated 2399 gold pieces to Zin
 71315 | Shoals:3 | Killed HilariousDeathArtist's ghost
 71347 | Shoals:3 | Donated 1200 gold pieces to Zin
 71348 | Shoals:3 | Donated 600 gold pieces to Zin
 71349 | Shoals:3 | Donated 300 gold pieces to Zin
 71350 | Shoals:3 | Donated 150 gold pieces to Zin
 71353 | Shoals:3 | Reached ****** piety under Zin
 71654 | Hell     | Entered the Vestibule of Hell
 71654 | Hell     | Noticed Geryon
 71663 | Hell     | Killed Geryon
 71703 | Depths:1 | Lost mutation: You have terrible hidden genetic defects.
                  | [potion of mutation]
 71703 | Depths:1 | Lost mutation: Potions are less effective at restoring your
                  | health. [potion of mutation]
 71704 | Depths:1 | Lost mutation: You occasionally shout uncontrollably at
                  | your foes. [potion of mutation]
 71704 | Depths:1 | Lost mutation: You are vulnerable to heat. (rF-) [potion of
                  | mutation]
 71704 | Depths:1 | Lost mutation: You do not regenerate when monsters are
                  | visible. [potion of mutation]
 71706 | Hell     | Noticed Murray
 71715 | Hell     | Killed Murray
 71806 | Hell     | Found a gateway to the Iron City of Dis.
 71885 | Dis:1    | Entered Level 1 of the Iron City of Dis
 73493 | Temple   | Fell from the grace of Zin
 73493 | Temple   | Became a worshipper of the Shining One
 73835 | Dis:3    | Gained mutation: You are frail. (-10% HP) [hidden defects]
 73835 | Dis:3    | Lost mutation: You have hidden genetic defects. [hidden
                  | defects expressed]
 74345 | Zot:5    | Got the Orb of Zot
 74877 | D:$      | Escaped with the Orb!

Illustrated notes

Levels and vault maps discovered:
D:1:      psy_arrival_dodecagon, layout_loops_ring, nicolae_figureground_pulse
D:2:      layout_basic, basic_altar
D:3:      layout_basic, serial_shops, nicolae_square_shop, uniq_robin,
          uniq_natasha
D:4:      layout_loops_cross, gup_sewer_entry_bowl
D:5:      layout_loops_ring, hellmonk_ghost_happy_afterlife, kennysheep_boxes,
          uniq_blork_the_orc, uniq_edmund
D:6:      layout_basic, temple_hall, serial_shops, nicolae_stop_n_shop_1,
          uniq_grinder, uniq_eustachio
D:7:      layout_loops_ring
D:8:      layout_rooms, serial_undead, serial_undead_f, serial_undead_e,
          serial_undead_d, serial_undead_d, serial_park_tiny_pond,
          kennysheep_pointless_box
D:9:      layout_roguey, dpeg_lair_monsters, minmay_shop_damaged, minivault_23,
          uniq_grum
D:10:     layout_loops_cross, nicolae_overflow_hallway_of_the_gods, david_orc_3,
          serial_co_window_serial, co_window_of_opportunity_a,
          co_window_paths_a, co_window_paths_b, co_window_paths_a,
          co_window_paths_a, co_window_cross_1, co_window_paths_a,
          co_window_unsneaky_path_c, co_window_broadway_b, co_window_paths_c,
          co_window_2corner, co_window_of_opportunity_b, co_window_corner_b,
          glass_columns_b, uniq_urug, uniq_sonja
D:11:     layout_cave_pools, grunt_ministairs_2
D:12:     layout_roguey, uniq_nessos
D:13:     layout_gridville, lightli_vaults_fourway_checkpoint, serial_bayou,
          serial_bayou_pond_a, serial_bayou_lagoon_b, serial_bayou_lagoon_a,
          serial_bayou_pond_d, water_boxes_lemuel
D:14:     wad_statue_garden, layout_irregular_city, grunt_decor_cap,
          xom_redecorated
D:15:     grunt_enter_depths_hoard, layout_rooms, minmay_hedge_maze
Temple:   nicolae_temple_superstar
Lair:1:   layout_big_grid, serial_bayou_ford_a, chequers_serial_rivers_micro_d,
          serial_bayou_shore_a
Lair:2:   layout_cave_pods, elwin_shoals_entry_rooms,
          minmay_snake_entry_guardpost_medium, pdpol_lair_neglected_garden,
          st_stairs_6, serial_bayou_pond_c, minmay_lair_oklob_items
Lair:3:   layout_regular_city
Lair:4:   layout_loops_ring, slime_entry_1, serial_forest,
          infiniplex_forest_3_way, infiniplex_forest_zigzag_1,
          infiniplex_forest_zigzag_1, infiniplex_forest_clump_medium,
          infiniplex_forest_clump_small, infiniplex_forest_clump_diagonal,
          infiniplex_forest_side_room, infiniplex_forest_lined_2,
          infiniplex_forest_clump_small, portal_ice_cave_entry_pillars_1,
          kilobyte_rumbling_trees
Lair:5:   grunt_lair_end_beastmaster, layout_cave_pods, uniq_snorg
Shoals:1: layout_shoals
Shoals:2: layout_shoals
Shoals:3: layout_shoals, gammafunk_ghost_wrathful_warriors, uniq_ilsuiw
Shoals:4: shoals_end_hellmonk_storm_palace [storm_palace_center_ruins,
          storm_palace_corner_reverse_hut, storm_palace_corner_reverse_hut,
          storm_palace_corner_narrow, storm_palace_corner_reverse_hut],
          serial_shops
Snake:1:  layout_cave_shapes, st_stairs_13, lightli_airlock, minmay_shoptagon
Snake:2:  layout_basic, evilmike_ambush [evilmike_ambush_outer_basic,
          evilmike_ambush_inner_pond]
Snake:3:  layout_gridlike, basic_altar, nicolae_alphabet_shops, uniq_aizul
Snake:4:  hellmonk_snake_rune_quicksilver_temple, layout_cave_town,
          hangedman_venom_bottle, uniq_asterion, uniq_vashnia
Slime:1:  layout_caves
Slime:2:  layout_caves
Slime:3:  layout_caves
Slime:4:  layout_caves
Slime:5
Orc:1:    layout_caves, serial_shops, nicolae_shop_behind_doors, basic_altar
Orc:2:    st_orc_town, layout_caves, basic_altar, serial_shops,
          nicolae_shop_bloodbath_and_beyond, minmay_orc_temple_a, uniq_erolcha
Elf:1:    nicolae_elf_arrival_no_cutting_in_line, layout_geoelf_grid,
          serial_shops, nicolae_shop_window_shopping, evilmike_minifort,
          st_stairs_7, dreamdust_princess_corridor, minmay_misc_feat_five,
          uniq_jorgrun, uniq_agnes
Elf:2:    nicolae_elf_blades_splatter_lattice
          [nicolae_blade_entry_floor_patterns], layout_geoelf_diagonals,
          serial_sigils_hangedman_scar, hangedman_elf_targetted_burst
Elf:3:    minmay_elf_hall_dome, layout_loops_cross, serial_shops,
          nicolae_shop_window_shopping, basic_altar
Vaults:1: vaults_dpeg_encased_lava, nicolae_vaults_big_ls,
          vaults_room_grunt_arrival_ludios, vaults_mumra_hex, v_alt_pattern_4,
          nicolae_vaults_asterisk, v_rooms_4, v_alt_pattern_3, v_misc_13,
          layout_vaults_big_room
Vaults:2: vaults_mumra_chevron_long, v_misc_14, v_misc_3,
          ontoclasm_vaults_ring_small, v_misc_8,
          nicolae_vaults_little_squares_2, ontoclasm_vaults_bender,
          layout_vaults_omnigrid, blue_anna_dwarven_crypt,
          serial_hangedman_research
Vaults:3: v_misc_25, nicolae_vaults_know_your_exits,
          ontoclasm_vaults_decontamination, vaults_standard_mumra_x,
          nicolae_vaults_theta, ontoclasm_vaults_eye,
          nicolae_vaults_little_squares_5, grunt_vaults_swirl, v_misc_25,
          ontoclasm_vaults_gateway, nicolae_vaults_little_ls, vaults_dpeg_ring,
          nicolae_vaults_theta, v_misc_23, nicolae_vaults_rhombus_6,
          ontoclasm_vaults_ligature, nicolae_vaults_gold_heap,
          layout_vaults_maze_snakey
Vaults:4: st_lattice, nicolae_vaults_triangles, v_alt_pattern_4,
          nicolae_vaults_alarming, vaults_dpeg_diagonal,
          vaults_mumra_minichess_inversion, hangedman_vaults_snaps,
          vaults_mumra_chevron, nicolae_vaults_asterisk,
          ontoclasm_vaults_claustrophobia, vaults_room_octagon,
          layout_vaults_ring, serial_shops, shop
Vaults:5: uniq_xtahua, uniq_sojobo, uniq_margery
Crypt:1:  gammafunk_sealed_arena, layout_misc_corridors, hangedman_blasphemy,
          grunt_crypt_arrival_webbed, uniq_khufu
Crypt:2:  layout_chaotic_city, serial_glass, glass_columns_a, glass_columns_a,
          glass_columns_b, glass_columns_a, glass_columns_a, glass_columns_a,
          glass_columns_c, glass_columns_b, glass_columns_c, glass_columns_a,
          due_unseen_surprise, minmay_strange_pillars
Crypt:3:  david_glass_crypt, layout_misc_corridors,
          nicolae_tomb_entry_grand_gallery
Tomb:1:   uniq_boris
Tomb:2
Tomb:3
Depths:1: layout_long_grid, nicolae_qazlal_scattered_showers,
          grunt_hell_entry_dis_old, minmay_crystal_water,
          nicolae_figureground_sparkle, uniq_saint_roka, uniq_enchantress
Depths:2: minmay_broken_ring, layout_basic, rand_demon_pan_entry_7,
          corexii_hall_statues_i, serial_sigils,
          serial_sigils_hangedman_confine, serial_sigils_hangedman_etch,
          serial_sigils_hangedman_shear, serial_sigils_hangedman_quiver,
          serial_sigils_hangedman_quiver, serial_sigils_hangedman_gut,
          pf_hell_entry_tar_river, uniq_vv
Depths:3: minmay_tri_box, layout_cave_shapes, abyss_entry,
          chequers_serial_rivers_small_3, lightli_too_deep
Depths:4: evilmike_zot_entry_castle, layout_gridlike, enter_ziggurat_a,
          hell_entry, nicolae_vehumet_radiance, abyss_entry_small_statue_room,
          rand_demon_pan_entry_3, serial_shops, bzr_entry_islet,
          nicolae_shop_behind_doors
Hell
Dis:1:    layout_subdivisions, nicolae_dis_distal_crystal
Dis:2:    layout_gridville, nicolae_dis_scattering
Dis:3:    layout_jigsaw
Dis:4:    nicolae_dis_array, layout_subdivisions
Dis:5:    layout_regular_city
Dis:6:    layout_regular_city
Zot:1:    hangedman_snap_crack_crunch, layout_onion_interference, basic_altar
Zot:2:    layout_gridlike
Zot:3:    grunt_deathspiral_small, layout_onion
Zot:4:    layout_basic, ebering_ghost_rock_garden
Zot:5:    layout_cathedral_of_symmetry

Skill      XL: |  1  2  3  4  5  6  7  8  9 10 11 12 13 14 15 16 17 18 19 20 21 22 23 24 25 26 27 |
---------------+----------------------------------------------------------------------------------+-----
Axes           | 2 3 4 5 6 7 9 11 12 13 15 18 21 | 21.0
Shields        | 4 5 6 7 8 10 11 12 14 16 17 19 20 24 25 26 | 26.5
Fighting       | 4 5 6 7 8 10 11 12 14 16 17 18 20 21 22 23 24 27 | 27.0
Armour         | 4 5 6 7 8 10 11 12 14 16 17 19 20 21 22 23 24 27 | 27.0
Invocations    | 5 8 9 27 | 27.0
Throwing       | 5 7 8 10 | 10.0
Dodging        | 7 11 13 14 17 | 17.3
Translocations | 1 10 | 10.6

Action                     |  1- 3 |  4- 6 |  7- 9 | 10-12 | 13-15 | 16-18 | 19-21 | 22-24 | 25-27 || total
---------------------------+-------+-------+-------+-------+-------+-------+-------+-------+-------++-------
  Melee: War axe           |    96 |    84 |       |       |       |       |       |       |       ||   180
         Broad axe         |       |    88 |   247 |   483 |  1308 |  1143 |  1280 |  1450 |  4412 || 10411
  Throw: Stone             |     9 |     1 |    12 |     3 |       |       |       |       |       ||    25
         Dart              |       |       |     2 |     3 |       |       |       |       |       ||     5
         Boomerang         |       |       |       |    14 |   114 |    84 |   314 |   491 |   193 ||  1210
         Javelin           |       |       |       |     1 |       |       |       |       |   103 ||   104
 Invoke: Heroism           |       |       |     2 |    14 |    11 |    10 |     7 |    13 |    12 ||    69
         Finesse           |       |       |       |     6 |     7 |    10 |     6 |    12 |    13 ||    54
         Cleansing Flame   |       |       |       |       |       |       |       |       |    27 ||    27
         Summon Divine War |       |       |       |       |       |       |       |       |    10 ||    10
         Donate Gold       |       |       |       |       |       |       |       |       |     6 ||     6
         Divine Shield     |       |       |       |       |       |       |       |       |     1 ||     1
         Brand Weapon With |       |       |       |       |       |       |       |       |     1 ||     1
  Evoke: Wand              |       |       |     1 |     5 |     3 |     1 |       |       |       ||    10
         Condenser vane    |       |       |       |       |     1 |     2 |     1 |     1 |       ||     5
         Tin of tremorston |       |       |       |       |       |       |       |     2 |     4 ||     6
    Use: Scroll            |       |     7 |     7 |    11 |     3 |    10 |     5 |    11 |    23 ||    77
         Potion            |       |     4 |     1 |     3 |       |       |     2 |     2 |    19 ||    31
   Stab: Invisible         |       |       |       |     4 |       |       |       |       |       ||     4
         Paralysed         |       |       |       |     2 |       |       |       |       |       ||     2
         Petrified         |       |       |       |       |     1 |       |       |       |       ||     1
         Confused          |       |       |       |       |     4 |     9 |       |       |       ||    13
         Distracted        |       |       |       |       |       |       |       |     1 |       ||     1
 Armour: Scale mail        |    21 |       |       |       |       |       |       |       |       ||    21
         Chain mail        |    40 |     5 |       |       |       |       |       |       |       ||    45
         Plate armour      |       |   171 |   251 |   538 |   265 |       |       |       |       ||  1225
         Gold dragon scale |       |       |       |       |   915 |  1073 |   912 |   760 |  2323 ||  5983
  Dodge: Dodged            |    52 |    50 |   100 |   267 |   323 |   193 |   218 |   283 |  1831 ||  3317
  Block: Buckler           |    18 |    44 |    71 |   192 |   456 |   122 |       |       |       ||   903
         Tower shield      |       |       |       |       |       |   966 |  1329 |  1549 |  6172 || 10016

Table legend: (Time is in decaauts)
 A = Elapsed time spent in this place.
 B = Non-inter-level travel time spent in this place.
 C = Inter-level travel time spent in this place.
 D = Time resting spent in this place.
 E = Time spent auto-exploring this place.
 F = Levels seen in this place.
 G = Mean time per level.
                   A        B        C        D        E       F      G
               +--------+--------+--------+--------+--------+-----+--------+
         Total |  73188 |  64197 |   8991 |   8913 |  33829 |  90 |  813.2 |
       Dungeon |  16744 |  13109 |   3635 |    931 |   8460 |  15 | 1116.3 |
        Temple |    156 |     91 |     65 |      0 |     60 |   1 |  156.0 |
          Lair |   6176 |   5477 |    699 |    213 |   3759 |   5 | 1235.2 |
        Shoals |   3746 |   3475 |    271 |    154 |   2204 |   4 |  936.5 |
     Snake Pit |   5394 |   5184 |    210 |    453 |   3194 |   4 | 1348.5 |
    Slime Pits |   1307 |   1238 |     69 |    844 |     19 |   5 |  261.4 |
  Orcish Mines |   1657 |   1396 |    261 |      0 |    889 |   2 |  828.5 |
   Elven Halls |   4229 |   3986 |    243 |   1104 |   1767 |   3 | 1409.7 |
        Vaults |   6978 |   6295 |    683 |    498 |   4083 |   5 | 1395.6 |
         Crypt |   2691 |   2396 |    295 |     45 |   1573 |   3 |  897.0 |
          Tomb |   3190 |   2830 |    360 |    504 |   1176 |   3 | 1063.3 |
        Depths |   6379 |   5207 |   1172 |    902 |   2874 |   4 | 1594.8 |
          Hell |    318 |    273 |     45 |     72 |      0 |   1 |  318.0 |
           Dis |   1450 |   1344 |    106 |    601 |    211 |   6 |  241.7 |
           Zot |   7695 |   6826 |    869 |   1877 |   2997 |   5 | 1539.0 |
         Abyss |   1230 |   1230 |      0 |     82 |    125 |   4 |  307.5 |
   Pandemonium |   3117 |   3117 |      0 |    521 |    147 |  18 |  173.2 |
        Bazaar |     25 |     25 |      0 |      0 |     10 |   1 |   25.0 |
      Ice Cave |    698 |    698 |      0 |    109 |    278 |   1 |  698.0 |
               +--------+--------+--------+--------+--------+-----+--------+

Top non-repeatable levels by time:
   Zot:5: 2917 daAuts
   Elf:3: 2208 daAuts
  Tomb:1: 2044 daAuts
Depths:2: 2009 daAuts
  Lair:2: 1824 daAuts
 Snake:4: 1774 daAuts
Depths:4: 1769 daAuts
Vaults:4: 1706 daAuts
    D:15: 1631 daAuts
Vaults:5: 1631 daAuts
 Snake:1: 1500 daAuts
Depths:1: 1486 daAuts
    D:10: 1450 daAuts
Vaults:2: 1416 daAuts
  Lair:4: 1366 daAuts
